 Dungeon Crawl Stone Soup version 0.31-a0-112-gdf0485fa37 (webtiles) character file.

Game seed: 15363847678908587650

583 NateTC the Magician (level 7, -2/45 HPs)
             Began as a Djinni Conjurer on May 28, 2023.
             Was an Initiate of Ru.
             Shot with an arrow by a centaur (4 damage)
             ... on level 5 of the Dungeon.
             The game lasted 00:07:32 (4095 turns).

NateTC the Magician (Djinni Conjurer)               Turns: 4095, Time: 00:07:32

Health: -2/45      AC:  2    Str:  6    XL:     7   Next: 64%
Gold:   194        EV: 12    Int: 22    God:    Ru [......] SH:  0 Dex: 17

rFire   + + .        (no weapon)
rCold   x . .        (no shield)
rNeg    . . .        a - +0 robe
rPois   ∞            (no helmet)
rElec   .            d - scarf {harm}
rCorr   .            (no gloves)
SInv    .            (boots unavailable)
Will    .....        (no amulet)
Stlth   ++           h - +6 ring of dexterity
HPRegen 0.27/turn    (no ring)
MPRegen 0.00/turn

%: harm (+30% outgoing, +20% incoming), infuse magic (-3 HP)
@: flying, invisible
A: sickness immunity, fire resistance 2, cold vulnerability 1, float, innate
caster, HP casting, extra vitality 1
a: Renounce Religion


You were on level 5 of the Dungeon.
You worshipped Ru.
Ru was noncommittal.
You visited 2 branches of the dungeon, and saw 6 of its levels.
You also visited: Sewer.

You collected 194 gold pieces.

Inventory:

Armour
 a - a +0 robe (worn)
 d - a scarf of harm (worn)
Jewellery
 h - a +6 ring of dexterity (left hand)
Scrolls
 e - a scroll of fear
Potions
 b - a potion of magic {unknown}
 c - 2 potions of brilliance
 f - 2 potions of lignification {unknown}
 g - 3 potions of haste
 i - a potion of cancellation {unknown}
 j - a potion of heal wounds {unknown}
 l - 2 potions of invisibility
 m - a potion of mutation {unknown}
 n - a potion of might {unknown}


   Skills:
 - Level 2.1 Dodging
 - Level 1.5 Stealth
 + Level 6.7 Spellcasting
 + Level 6.7 Conjurations
 + Level 6.7 Hexes
 + Level 6.7 Summonings
 + Level 6.7 Necromancy
 + Level 6.7 Translocations
 + Level 6.7 Transmutations
 + Level 6.7 Fire Magic
 + Level 6.7 Ice Magic
 + Level 6.7 Air Magic
 + Level 6.7 Earth Magic
 + Level 6.7 Poison Magic


You knew the following spells:

 Your Spells              Type           Power      Damage    Failure   Level
a - Magic Dart            Conj           100%       1d8       1%          1
b - Searing Ray           Conj           72%        2d7       1%          2
c - Dazzling Flash        Conj/Hex       72%        N/A       1%          3
d - Fulminant Prism       Conj/Hex       18%        3d10      5%          4
e - Iskenderun's Mystic   Conj/Tloc      36%        2d9       5%          4
f - Sandblast             Erth           72%        2d16      1%          1
g - Lesser Beckoning      Tloc           72%        N/A       1%          2
h - Mephitic Cloud        Conj/Pois/Air  36%        N/A       1%          3
Your spell library was empty.

Dungeon Overview and Level Annotations

Branches:
Dungeon (5/15) Zot: 26432  Temple (1/1) D:5 Zot: 5939   Sewer (visited)

Altars:
Ashenzari
Dithmenos
Elyvilon
Fedhas
Gozag
Hepliaklqana
Nemelex Xobeh
Okawaru
Qazlal
Ru
Trog
Uskayaw
Wu Jian
Xom
Zin
The Shining One

Shops:
D:2 =


Innate Abilities, Weirdness & Mutations

You are immune to sickness and miasma.
You are immune to poison.
Your flesh is very heat resistant. (rF++)
You are vulnerable to cold. (rC-)
You float through the air rather than walking.
You learn spells naturally, not from books.
Your magical power is your life essence.
You have superior vitality. (+4 MHP)


Message History

The orc throws a boomerang.
The boomerang closely misses you.
The magic dart hits the orc.
You kill the orc!
You can't see any susceptible monsters within range! (Use Z to cast anyway.)
A centaur comes into view. It is wielding a staff of poison.
The magic dart hits the centaur.
The centaur is lightly wounded.
The centaur wields a +0 shortbow.
The centaur shoots an arrow.
The arrow closely misses you.
The centaur shoots an arrow.
The arrow barely misses you.
The magic dart hits the centaur.
The centaur is moderately wounded.
The centaur shoots an arrow.
The arrow hits you.
The magic dart hits the centaur.
The centaur is heavily wounded.
The centaur shoots an arrow.
The arrow hits you.
The centaur shoots an arrow.
The arrow hits you!
You are too injured to fight recklessly!
You are too injured to fight recklessly!
You are too injured to fight recklessly!
You are too injured to fight recklessly!
The centaur shoots an arrow.
The arrow hits you.
* * * LOW HITPOINT WARNING * * *
There is a fountain of clear blue water here.
You are too injured to fight recklessly!
Casting: Magic Dart (safe; 1% risk of failure)
Confirm with . or Enter, or press ? or * to list all spells.
Aiming: Fulminant Prism (dangerous; 5% risk of failure)
Press: ? - help, Dir - move target, p - centaur You conjure a prism of explosive energy!
* * * LOW HITPOINT WARNING * * *
A fulminant prism comes into view.
The centaur shoots an arrow.
The arrow hits you.
* * * LOW HITPOINT WARNING * * *
The centaur shoots an arrow.
The arrow misses you.
Okay, then.
It was a potion of invisibility.
You fade into invisibility!
The centaur shoots an arrow.
The arrow hits you.
You die...

#..#.##....# #...
# ##.##.##.##.#
#.###
..#....)....#.# #.
#...........c.# #
)#..⌠...⌠..#.#
###.......*.#.##
#......>........ #
..#.........#.....
# #..⌠...@..#.)..#
#..........†....#
#.#.........#..##
#.##.##.##.##..#
#..#..##.# #
......###.. ......
###. .##.


You could see a centaur (unable to see you, ally target) and a friendly
fulminant prism.

Vanquished Creatures
  A kobold brigand (Sewer)
  3 phantoms
  A scorpion (D:5)
  An orc priest (D:4)
  2 iguanas
  A river rat (D:4)
  3 adders
  4 worms
  2 dart slugs
  4 orcs
  9 bats
  8 endoplasms
  5 giant cockroaches
  8 goblins
  5 hobgoblins
  2 jackals (D:4)
  2 quokkas
  12 ball pythons
  5 frilled lizards
  22 kobolds
  4 rats
104 creatures vanquished.

Vanquished Creatures (others)
  A fulminant prism (Sewer)
1 creature vanquished.

Grand Total: 105 creatures vanquished

Notes
Turn   | Place    | Note
-------+----------+-------------------------------------------
     0 | D:1      | NateTC the Djinni Conjurer began the quest for the Orb.
     0 | D:1      | NateTC set off with the following spells memorised: Magic
                  | Dart, Searing Ray, Dazzling Flash, Fulminant Prism,
                  | Iskenderun's Mystic Blast.
     0 | D:1      | Reached XP level 1. HP: 15/15 MP: 0/0
   117 | D:1      | Reached XP level 2. HP: 20/21 MP: 0/0
   332 | D:1      | Reached XP level 3. HP: 21/25 MP: 0/0
   332 | D:1      | Learned a level 1 spell: Sandblast
   974 | D:2      | Reached XP level 4. HP: 30/31 MP: 0/0
  1162 | D:2      | Found Ryeduumo's Jewellery Shoppe.
  1311 | D:3      | Found a hazy altar of Hepliaklqana.
  2462 | D:4      | Noticed a phantom
  2484 | D:4      | Noticed a phantom
  2534 | D:4      | Reached XP level 5. HP: 32/35 MP: 0/0
  2534 | D:4      | Learned a level 2 spell: Lesser Beckoning
  2550 | D:4      | Reached skill level 5 in Spellcasting
  2550 | D:4      | Reached skill level 5 in Conjurations
  2550 | D:4      | Reached skill level 5 in Hexes
  2550 | D:4      | Reached skill level 5 in Summonings
  2550 | D:4      | Reached skill level 5 in Necromancy
  2550 | D:4      | Reached skill level 5 in Translocations
  2550 | D:4      | Reached skill level 5 in Transmutations
  2550 | D:4      | Reached skill level 5 in Fire Magic
  2550 | D:4      | Reached skill level 5 in Ice Magic
  2550 | D:4      | Reached skill level 5 in Air Magic
  2550 | D:4      | Reached skill level 5 in Earth Magic
  2550 | D:4      | Reached skill level 5 in Poison Magic
  2754 | D:4      | Found a glowing drain.
  2770 | Sewer    | Entered a sewer
  3024 | Sewer    | Noticed a kobold brigand
  3032 | Sewer    | Reached XP level 6. HP: 27/40 MP: 0/0
  3038 | Sewer    | HP: 2/40 [kobold brigand/+0 dagger (6)]
  3564 | D:4      | Reached XP level 7. HP: 29/45 MP: 0/0
  3564 | D:4      | Learned a level 3 spell: Mephitic Cloud
  3725 | D:5      | Entered Level 5 of the Dungeon
  3946 | D:5      | Found a staircase to the Ecumenical Temple.
  3955 | Temple   | Entered the Ecumenical Temple
  3994 | Temple   | Became a worshipper of Ru the Awakened
  4094 | D:5      | HP: 2/45 [centaur/arrow (6)]
  4095 | D:5      | Shot with an arrow by a centaur

Illustrated notes

Levels and vault maps discovered:
D:1:      co_arrival_square_in_a_square_in_a_square, layout_rooms,
          hex_intersection, st_stairs_4, serial_bayou_pond_d
D:2:      layout_loops_ring, serial_shops, nicolae_shop_pleasant_corner_grove
D:3:      layout_loops_ring, nicolae_hepliaklqana_hazy_memory,
          serial_co_window_serial, co_window_paths_b, co_window_paths_b,
          co_window_paths_a, co_window_paths_b, co_window_paths_b,
          co_window_corner_ca, co_window_2corner, co_window_unsneaky_path_e,
          co_window_broadway_b, co_window_corner_cb, co_window_corner_b,
          co_window_paths_e, glass_columns_b, glass_columns_a
D:4:      layout_loops_ring, portal_sewer_entry_a
D:5:      layout_loops_cross, minmay_temple_entry_large_hall, uniq_duvessa,
          uniq_blork_the_orc
Temple:   minmay_temple_bridge_d

Skill      XL: |  1  2  3  4  5  6 |
---------------+-------------------+-----
Spellcasting   | 4 5 6 |  6.7
Conjurations   | 4 5 6 |  6.7
Hexes          | 4 5 6 |  6.7
Summonings     | 4 5 6 |  6.7
Necromancy     | 4 5 6 |  6.7
Translocations | 4 5 6 |  6.7
Transmutations | 4 5 6 |  6.7
Fire Magic     | 4 5 6 |  6.7
Ice Magic      | 4 5 6 |  6.7
Air Magic      | 4 5 6 |  6.7
Earth Magic    | 4 5 6 |  6.7
Poison Magic   | 4 5 6 |  6.7
Dodging        | |  2.1
Stealth        | |  1.5

Action                     |  1- 3 |  4- 6 |  7- 9 || total
---------------------------+-------+-------+-------++-------
  Melee: Unarmed           |       |     1 |       ||     1
   Cast: Magic Dart        |    60 |   128 |    26 ||   214
         Iskenderun's Myst |       |     3 |     2 ||     5
         Sandblast         |       |     4 |       ||     4
         Fulminant Prism   |       |     1 |     1 ||     2
    Use: Scroll            |     4 |     8 |       ||    12
         Potion            |       |     5 |     1 ||     6
 Armour: Robe              |     1 |     1 |     1 ||     3
  Dodge: Dodged            |     4 |    14 |     6 ||    24

Table legend: (Time is in decaauts)
 A = Elapsed time spent in this place.
 B = Non-inter-level travel time spent in this place.
 C = Inter-level travel time spent in this place.
 D = Time resting spent in this place.
 E = Time spent auto-exploring this place.
 F = Levels seen in this place.
 G = Mean time per level.
                   A        B        C        D        E       F      G
               +--------+--------+--------+--------+--------+-----+--------+
         Total |   4095 |   3924 |    171 |    308 |   2825 |   7 |  585.0 |
       Dungeon |   3567 |   3417 |    150 |    118 |   2709 |   5 |  713.4 |
        Temple |     60 |     39 |     21 |      0 |     28 |   1 |   60.0 |
         Sewer |    467 |    467 |      0 |    190 |     88 |   1 |  467.0 |
               +--------+--------+--------+--------+--------+-----+--------+

Top non-repeatable levels by time:
     D:3: 1171 daAuts
     D:4: 842 daAuts
     D:2: 686 daAuts
     D:1: 556 daAuts
   Sewer: 467 daAuts
     D:5: 309 daAuts
  Temple: 60 daAuts
